 Dungeon Crawl Stone Soup version 0.26-a0-597-gb535b0901c (webtiles) character file.

Game seed: 1032935209429361275

19 Lanoc the Poker (level 2, -2/24 HPs)
             Began as a Merfolk Fighter on Sept 9, 2020.
             Killed from afar by an orc wizard (11 damage)
             ... with a magic dart
             ... on level 2 of the Dungeon.
             The game lasted 00:00:38 (193 turns).

Lanoc the Poker (Merfolk Fighter)                    Turns: 193, Time: 00:00:38

Health: -2/24      AC:  6    Str: 16    XL:     2   Next: 75%
Magic:  2/2        EV:  7    Int:  7    God:
Gold:   10         SH:  9    Dex: 13    Spells: 1/1 levels left

rFire    . . .     SeeInvis .   a - +0 trident
rCold    . . .     Faith    .   c - +0 kite shield
rNeg     . . .     Spirit   .   b - +0 scale mail
rPois    .         Reflect  .   (no helmet)
rElec    .         Harm     .   (no cloak)
rCorr    .                      (no gloves)
MR       .....                  (no boots)
Stlth    ..........             (no amulet)
HPRegen  0.08/turn              (no ring)
MPRegen  0.08/turn              (no ring)

@: no status effects
A: change form in water, swift swim, stealthy swim
a: no special abilities


You were on level 2 of the Dungeon.
You visited 1 branch of the dungeon, and saw 2 of its levels.

You collected 10 gold pieces.

Inventory:

Hand Weapons
 a - a +0 trident (weapon)
Armour
 b - a +0 scale mail (worn)
 c - a +0 kite shield (worn)
Scrolls
 e - a scroll of amnesia {unknown}
Potions
 d - a potion of might
 g - a potion of curing {unknown}


   Skills:
 + Level 3.4 Fighting
 * Level 3.7 Polearms
 + Level 2.3 Armour
 + Level 0.9 Dodging
 + Level 3.1 Shields


You had one spell level left.
You didn't know any spells.
Your spell library was empty.

Dungeon Overview and Level Annotations

Branches:
Dungeon (2/15)

Altars:


Message History

The orc warrior completely misses you.
You barely miss the orc warrior.
The orc warrior hits you with a +0 scimitar!
Ouch! That really hurt!
Throwing (i - inventory)
f - a throwing net (quivered)
Press: ? - help, Shift-Dir - straight line, f - orc warrior
Aim: an orc warrior, wielding a +0 scimitar and wearing a +0 plate armour You throw a throwing net.
The throwing net hits the orc warrior.
The orc warrior is caught in the net!
An orc comes into view. It is wielding a +0 flail.
The orc warrior struggles against the net.
The orc wizard casts a spell.
The orc wizard blinks!
An orc comes into view. It is wielding a +0 war axe.
The orc warrior struggles against the net.
The orc warrior struggles against the net.
The orc warrior struggles against the net.
The orc wizard points at you and mumbles some strange words.
The magic dart hits you!
You die...

.## ..#....## ...#
#.#.....#
#...#####.......## ..
.......(........# .# .
.......#.......# .# ..
#.#....)......####.# .#
#(...((..........#.##..#
###<##..†......(....?.###
#..#.....#.@..#..o.....
##.#.....#.#.o..o.#
#...........#.)...o...
..................<#...
.##..###.###.####### #
#### ### ###


You could see an orc warrior (caught) and an orc wizard.

Vanquished Creatures
  A leopard gecko (D:1)
  An orc (D:2)
  2 hobgoblins
  A ball python (D:1)
  4 bats
  2 frilled lizards (D:1)
  5 goblins
  A kobold (D:2)
  A rat (D:1)
18 creatures vanquished.

Notes
Turn   | Place    | Note
-------+----------+-------------------------------------------
     0 | D:1      | Lanoc the Merfolk Fighter began the quest for the Orb.
     0 | D:1      | Reached XP level 1. HP: 18/18 MP: 1/1
    70 | D:1      | Reached XP level 2. HP: 24/24 MP: 2/2
   181 | D:2      | Noticed an orc warrior
   193 | D:2      | Killed from afar by an orc wizard

Illustrated notes

Levels and vault maps discovered:
D:1:      noname_arrival_rooms_in_the_neighbourhood, layout_basic,
          serial_bayou_lagoon_a
D:2:      cheibrodos_helix_gallery, layout_rooms, old_standard_altar,
          grunt_decor_resistance, uniq_robin

Action                   || total
-------------------------++-------
Melee: Trident           ||    51
Throw: Throwing net      ||     1
Armor: Scale mail        ||    20
Dodge: Dodged            ||     9
Block: Kite shield       ||    21

Table legend: (Time is in decaauts)
 A = Elapsed time spent in this place.
 B = Non-inter-level travel time spent in this place.
 C = Inter-level travel time spent in this place.
 D = Time resting spent in this place.
 E = Time spent auto-exploring this place.
 F = Levels seen in this place.
 G = Mean time per level.
                   A        B        C        D        E       F      G
               +--------+--------+--------+--------+--------+-----+--------+
         Total |    204 |    204 |      0 |      0 |    102 |   2 |  102.0 |
       Dungeon |    204 |    204 |      0 |      0 |    102 |   2 |  102.0 |
               +--------+--------+--------+--------+--------+-----+--------+

Top non-repeatable levels by time:
     D:1: 113 daAuts
     D:2: 90 daAuts
